Description

This build order come from Hurricane, this is a Sentry drop into 7 Gate robo.

The build order has been explained in the BOTW : https://tl.net/forum/sc2-strategy/548298-pbotw-hurricanes-sentry-drop-into-immortal-all-in

Note :

  • Use your sentry to deny the Overlord and scout
  • The sentry drop is here to force an unit production, don't lose your sentry (you will almost never win on this)
  • You have to attack before de 6min mark

VOD

https://youtu.be/BTDXRu6Pr7A

Replay - huricane build

Build Order

Get SALT Encoding   

  12  0:01  Probe  
  13  0:13  Probe  
  14  0:19  Pylon  
  14  0:22  Probe  
  15  0:33  Probe  
  15  0:42  Gateway  
  16  0:44  Probe  
  16  0:48  Assimilator  
  17  0:54  Probe  
  18  1:00  Pylon  
  18  1:02  Probe  
  18  1:10  Probe  
  20  1:27  Nexus  
  20  1:39  Cybernetics Core  
  20  1:40  Probe  
  21  1:51  Assimilator  
  21  1:52  Probe  
  22  1:56  Pylon  
  22  2:07  Sentry  
  26  2:23  Warp Gate  
  27  2:31  Stalker  
  31  2:46  Robotics Facility  
  31  2:54  Gateway  
  38  3:21  Pylon  
  38  3:22  Warp Prism, Sentry  
  44  3:47  Immortal  
  46  3:50  Gateway x3  
  50  4:02  Pylon  
  50  4:11  Sentry x2  
  54  4:18  Immortal  
  54  4:31  Gateway  
  58  4:37  Zealot x2  
  62  4:51  Immortal  
  62  4:57  Zealot x3  
  62  4:59  Gateway  
  64  5:06  Sentry  
  70  5:13  Sentry  
  72  5:23  Stalker  
  74  5:33  Stalker  
  74  5:34  Zealot x3  
  82  5:52  Stalker x2  
  82  5:54  Zealot x2  
  82  6:38  Stalker x5  
Spawning Tool Build Advisor. Get it on Overwolf

Go to:

Details

  • Created by: zuka      
  • Published on: Aug 30, 2019
  • Patch: 4.7.1
Show
View Real Time Build Order
Export as new Build Order

Comments (0)

There are no comments. Be the first!

Create an account to comment!